 Dungeon Crawl Stone Soup version 0.28.0 (webtiles) character file.

Game seed: 17438660107834439791

6526 danielguo94 the Basher (level 11, 0/66 HPs)
             Began as a Gargoyle Fighter on Feb 5, 2022.
             Was an Elder of the Shining One.
             Slain by a seven-headed hydra (8 damage)
             ... on level 1 of the Lair of Beasts.
             The game lasted 00:17:33 (8280 turns).

danielguo94 the Basher (Gargoyle Fighter)           Turns: 8280, Time: 00:17:34

Health: 0/66       AC: 19    Str: 23    XL:     11   Next: 1%
Magic:  14/14      EV:  7    Int:  8    God:    the Shining One [****..]
Gold:   855        SH:  9    Dex: 11    Spells: 10/10 levels left

rFire   . . .      SeeInvis .   a - +0 flail
rCold   . . .      Faith    .   P - +0 kite shield
rNeg    + + +      Spirit   .   p - +0 chain mail
rPois   ∞          Reflect  .   (no helmet)
rElec   +          Harm     .   y - +0 cloak
rCorr   .          Rampage  .   (no gloves)
Will    .....                   (no boots)
Stlth   ..........              k - amulet of regeneration
HPRegen 1.01/turn               (no ring)
MPRegen 0.14/turn               (no ring)

@: mighty, glowing, studying Staves
A: sickness immunity, AC +8, negative energy resistance 1, electricity
resistance, torment resistance 1, petrification resistance
a: Renounce Religion, Divine Shield, Cleansing Flame


You were on level 1 of the Lair of Beasts.
You worshipped the Shining One.
The Shining One was greatly pleased with you.
You visited 3 branches of the dungeon, and saw 11 of its levels.
You also visited: Sewer and Ossuary.

You collected 855 gold pieces.

Inventory:

Hand Weapons
 a - a +0 flail (weapon)
Missiles
 e - 260 stones (quivered)
 h - 2 throwing nets
 w - a curare-tipped dart
 A - 20 poisoned darts
 B - 7 boomerangs
 C - 6 atropa-tipped darts
Armour
 p - a +0 chain mail (worn)
 y - a +0 cloak (worn)
 P - a +0 kite shield (worn)
Jewellery
 g - a ring of protection from fire
 k - an amulet of regeneration (around neck)
 r - a ring of magical power
 H - a ring of see invisible
 M - an amulet of magic regeneration
Wands
 n - a wand of digging (7)
 v - a wand of polymorph (8)
 x - a wand of flame (9)
 L - a wand of iceblast (4)
Scrolls
 b - a scroll of blinking
 f - 4 scrolls of teleportation
 i - a scroll of magic mapping {unknown}
 l - a scroll of summoning {unknown}
 m - 4 scrolls of immolation
 t - a scroll of enchant armour {unknown}
 u - 3 scrolls of fog
 D - 2 scrolls of holy word {unknown}
 E - a scroll of silence {unknown}
 K - a scroll of torment {unknown}
 N - a scroll of fear
Potions
 d - 2 potions of might
 j - 4 potions of flight
 o - a potion of attraction
 q - 3 potions of brilliance
 s - 3 potions of lignification
 z - a potion of degeneration {unknown}
 F - a potion of ambrosia {unknown}
 G - a potion of cancellation {unknown}
 I - 2 potions of heal wounds {unknown}
 J - a potion of resistance {unknown}
 O - a potion of curing


   Skills:
 + Level 6.6 Fighting
 * Level 12.7 Maces & Flails
 + Level 7.0 Armour
 + Level 2.7 Dodging
 + Level 5.5 Shields
 * Level 4.5 Invocations
 + Level 0.2 Evocations


You had 10 spell levels left.
You didn't know any spells.
Your spell library contained the following spells:

 Spells                   Type           Power      Damage    Failure   Level
 Static Discharge         Conj/Air       0%         N/A       100%        2
 Ignite Poison            Fire/Tmut/Pois 0%         N/A       100%        3
 Mephitic Cloud           Conj/Pois/Air  0%         N/A       100%        3
 Ozocubu's Armour         Ice            0%         N/A       100%        3
 Petrify                  Tmut/Erth      0%         N/A       100%        4
 Freezing Cloud           Conj/Ice/Air   0%         6-21      100%        5
 Lightning Bolt           Conj/Air       0%         1d11      100%        5
 Metabolic Englaciation   Hex/Ice        0%         N/A       100%        5
 Simulacrum               Ice/Necr       0%         N/A       100%        6
 Maxwell's Capacitive Co  Air            0%         ∞         100%        8
 Statue Form              Tmut/Erth      Unusable   N/A       N/A         6

Dungeon Overview and Level Annotations

Branches:
Dungeon (9/15)             Temple (1/1) D:6            Lair (1/6) D:8
  Sewer (visited)         Ossuary (visited)
    Orc: D:9-12

Altars:
Vehumet
Wu Jian
The Shining One

Shops:
D:1 :


Innate Abilities, Weirdness & Mutations

You are immune to sickness and miasma.
Your stone body is resilient. (AC +8)
You are immune to poison.
You resist negative energy. (rN+)
You are resistant to electric shocks. (rElec)
You are resistant to unholy torment.
You are immune to petrification.


Message History

Found 2 gold pieces.
There is a staircase back to the Dungeon here.
There are monsters nearby!
Okay, then.
Unknown command.
Okay, then.
Unknown command.
The bullfrog barely misses you.
Okay, then.
Unknown command.
Okay, then.
You feel very mighty all of a sudden.
The seven-headed hydra bites you but does no damage.
The seven-headed hydra bites you.
The seven-headed hydra barely misses you.
The seven-headed hydra bites you but does no damage. x3
You block the seven-headed hydra's attack.
You sock the seven-headed hydra!
The seven-headed hydra is moderately wounded.
The bullfrog hits you.
The bullfrog hits you but does no damage.
The seven-headed hydra bites you! x3
You block the seven-headed hydra's attack.
The seven-headed hydra bites you.
The seven-headed hydra bites you but does no damage.
The seven-headed hydra bites you!
You thump the seven-headed hydra!
The seven-headed hydra is moderately wounded.
The bullfrog hits you but does no damage.
You thump the seven-headed hydra!
The seven-headed hydra is heavily wounded.
You block the bullfrog's attack.
The seven-headed hydra bites you but does no damage. x2
The seven-headed hydra barely misses you.
The seven-headed hydra bites you!
* * * LOW HITPOINT WARNING * * *
The seven-headed hydra bites you.
* * * LOW HITPOINT WARNING * * *
The seven-headed hydra bites you!
You die...

.#...##.......
......#≈.......
..#...≈≈.≈.....
...≈≈≈≈≈≈≈≈≈...
...≈≈≈≈≈≈≈≈≈...
#+.≈≈≈≈≈≈≈≈≈...
..≈≈≈≈≈.≈≈≈≈.#.
..≈≈≈≈FD≈≈≈≈...
..≈≈≈≈.@≈≈≈≈≈..
..≈≈≈≈≈≈≈≈≈≈...
...≈≈≈≈≈≈≈≈≈...
....≈≈≈≈≈≈...##
.#P..≈.≈≈≈.....
##.....≈.....#
#...$......#.
#..........+


You could see a seven-headed hydra and a bullfrog.

Vanquished Creatures
  A two-headed ogre (D:8)
  3 kobold demonologists (D:9)
  Grinder (D:4)
  A yak (D:8)
  A wraith (D:9)
  Eustachio (D:5)
  A steam dragon (Temple)
  An acid dragon (D:8)
  Menkaure (D:6)
  2 water moccasins
  Pargi (Sewer)
  2 ice beasts (D:7)
  A black bear (Temple)
  A necrophage (D:7)
  4 sky beasts
  An ogre (D:5)
  4 centaurs
  An elf zombie (D:6)
  4 kobold brigands
  3 bullfrogs (D:7)
  2 scorpions
  2 elf skeletons (D:6)
  2 water moccasin zombies (D:5)
  5 killer bees (D:9)
  4 wights
  5 howler monkeys
  A crimson imp (D:4)
  2 centaur zombies (D:9)
  2 bullfrog zombies
  4 jellies
  Crazy Yiuf (D:3)
  2 human skeletons (D:6)
  2 orc priests
  A gnoll shaman (D:8)
  3 hounds
  A bullfrog skeleton (D:6)
  4 centaur skeletons
  4 iguanas
  Terence (D:3)
  3 orc wizards
  A killer bee zombie (D:8)
  8 mummies (Ossuary)
  3 gnolls (D:8)
  11 adders
  3 shadow imps
  A white imp (D:7)
  2 worms (D:4)
  2 dart slugs
  16 orcs
  7 ball pythons
  9 endoplasms
  7 giant cockroaches
  A gnoll zombie (Ossuary)
  8 goblins
  9 hobgoblins
  5 jackals
  2 quokkas (D:5)
  7 bats
  6 frilled lizards
  3 goblin skeletons (D:4)
  A goblin zombie (D:4)
  2 hobgoblin zombies (Ossuary)
  10 kobolds
  A kobold skeleton (D:4)
  8 kobold zombies
  3 orc skeletons
  An orc zombie (Ossuary)
  5 rats
228 creatures vanquished.

Vanquished Creatures (others)
  4 plants
4 creatures vanquished.

Grand Total: 232 creatures vanquished

Notes
Turn   | Place    | Note
-------+----------+-------------------------------------------
     0 | D:1      | danielguo94 the Gargoyle Fighter began the quest for the
                  | Orb.
     0 | D:1      | Reached XP level 1. HP: 14/14 MP: 1/1
   131 | D:1      | Reached XP level 2. HP: 15/19 MP: 2/2
   430 | D:1      | Found Zusokoic's Book Shoppe.
   951 | D:2      | Reached XP level 3. HP: 18/23 MP: 3/3
  1028 | D:2      | Reached skill level 3 in Maces & Flails
  1083 | D:2      | Found a radiant altar of Vehumet.
  1292 | D:2      | Found a faded altar of an unknown god.
  1490 | D:3      | Reached XP level 4. HP: 24/29 MP: 4/4
  1514 | D:3      | Noticed Terence
  1525 | D:3      | Killed Terence
  1637 | D:3      | Reached skill level 4 in Maces & Flails
  1637 | D:3      | Reached XP level 5. HP: 14/33 MP: 5/5
  2447 | D:3      | Found a runed translucent door.
  2448 | D:3      | Noticed Crazy Yiuf
  2784 | D:4      | Found a glowing drain.
  2810 | D:4      | Reached skill level 5 in Maces & Flails
  2810 | D:4      | Reached XP level 6. HP: 15/38 MP: 6/6
  3011 | Sewer    | Entered a sewer
  3093 | Sewer    | Noticed Pargi
  3108 | Sewer    | Killed Pargi
  3186 | D:4      | Found a glowing golden altar of the Shining One.
  3187 | D:4      | Noticed Grinder
  3199 | D:4      | Paralysed by Grinder for 2 turns
  3204 | D:4      | Became a worshipper of the Shining One
  3222 | D:4      | Paralysed by Grinder for 3 turns
  3243 | D:4      | Paralysed by Grinder for 6 turns
  3255 | D:4      | Paralysed by Grinder for 5 turns
  3314 | D:4      | Killed Grinder
  3315 | D:4      | Reached skill level 6 in Maces & Flails
  3315 | D:4      | Reached skill level 1 in Dodging
  3315 | D:4      | Reached XP level 7. HP: 43/43 MP: 7/7
  3625 | D:3      | Killed Crazy Yiuf
  3667 | D:5      | Entered Level 5 of the Dungeon
  3737 | D:5      | Reached skill level 7 in Maces & Flails
  3770 | D:5      | Reached XP level 8. HP: 48/48 MP: 8/8
  3791 | D:5      | Noticed Eustachio
  3791 | D:5      | Reached * piety under the Shining One
  3818 | D:5      | Killed Eustachio
  3819 | D:5      | Reached skill level 5 in Armour
  3913 | D:5      | Reached skill level 8 in Maces & Flails
  4414 | D:5      | Found an ornate altar of the Wu Jian Council.
  4527 | D:6      | Reached skill level 9 in Maces & Flails
  4618 | D:6      | Reached XP level 9. HP: 49/53 MP: 9/9
  4788 | D:6      | Found a staircase to the Ecumenical Temple.
  4795 | D:6      | Noticed Menkaure
  4811 | D:6      | Killed Menkaure
  4812 | D:6      | Reached skill level 5 in Fighting
  4812 | D:6      | HP: 2/54 [steam dragon (1)]
  4814 | Temple   | Entered the Ecumenical Temple
  4873 | D:6      | Reached skill level 10 in Maces & Flails
  4920 | D:6      | Reached ** piety under the Shining One
  4933 | D:6      | Found a sand-covered staircase.
  4969 | Ossuary  | Entered an ossuary
  4995 | Ossuary  | Reached *** piety under the Shining One
  5686 | D:7      | Reached skill level 1 in Invocations
  5752 | D:7      | Reached skill level 11 in Maces & Flails
  5816 | D:7      | Reached XP level 10. HP: 53/60 MP: 11/11
  5831 | D:7      | Reached **** piety under the Shining One
  6043 | D:7      | Reached skill level 5 in Shields
  6869 | D:8      | Found a staircase to the Lair.
  7140 | D:8      | HP: 2/60 [acid dragon/splash of acid (21)]
  7146 | D:8      | HP: 3/60 [killer bee zombie (5)]
  7248 | D:8      | Reached skill level 12 in Maces & Flails
  7539 | D:9      | Noticed a two-headed ogre
  7683 | D:9      | Noticed a kobold demonologist
  7683 | D:9      | Noticed a kobold demonologist
  7684 | D:9      | Noticed a kobold demonologist
  7688 | D:9      | Killed a kobold demonologist
  7700 | D:9      | Noticed an orange demon
  7702 | D:9      | Killed a kobold demonologist
  7708 | D:9      | Killed a kobold demonologist
  7771 | D:9      | Noticed a boulder beetle
  7955 | D:8      | Killed a two-headed ogre
  7985 | D:9      | Reached XP level 11. HP: 66/66 MP: 14/14
  7994 | D:9      | Noticed a two-headed ogre
  8005 | D:9      | Noticed a tengu warrior
  8271 | Lair:1   | Entered Level 1 of the Lair of Beasts
  8271 | Lair:1   | Noticed a seven-headed hydra
  8280 | Lair:1   | Slain by a seven-headed hydra

Illustrated notes

Levels and vault maps discovered:
D:1:      dpeg_arrival_simpleton_c, layout_loops_corners, serial_shops,
          nicolae_shop_trees
D:2:      layout_basic, basic_altar, shapermc_ecumenical_altar_petra
D:3:      corexii_shack_village, layout_basic, uniq_terence,
          uniq_crazy_yiuf_cottage
D:4:      layout_rooms, nicolae_tso_besieged_by_evil, gup_sewer_entry_glass,
          uniq_grinder
D:5:      layout_basic, nicolae_wu_jian_glorious_leap,
          kennysheep_generic_room_9, uniq_eustachio
D:6:      hellmonk_destroyed_diamonds, layout_basic, minmay_temple_entry_arrows,
          nicolae_ossuary_entry_catacombs, uniq_menkaure
D:7:      layout_layer_cave, minmay_misc_feat_hallway, serial_bayou_pond_b
D:8:      layout_loops_ring, lair_entry_dummy, minmay_circle_x
D:9:      minmay_the_grid_triangle_9x9_recursive_2
          [minmay_the_grid_triangle_9x9_prize_special,
          minmay_the_grid_triangle_9x9_descending_squares,
          minmay_the_grid_triangle_9x9_empty,
          minmay_the_grid_triangle_9x9_shrine], layout_loops_cross
Temple:   mainiacjoe_temple_cubbyholes
Lair:1:   layout_regular_city, beast_lair_carwin_1, lemuel_fruit_fields,
          infiniplex_staircase_pool_2, grunt_megastairs_4

Skill      XL: |  1  2  3  4  5  6  7  8  9 10 11 |
---------------+----------------------------------+-----
Maces & Flails | 3 4 5 6 7 9 11 12 | 12.7
Armour         | 4 5 6 7 |  7.0
Fighting       | 4 5 6 |  6.6
Dodging        | 1 2 |  2.7
Shields        | 4 5 |  5.5
Invocations    | 2 4 |  4.5
Evocations     | |  0.2

Action                   |  1- 3 |  4- 6 |  7- 9 | 10-12 || total
-------------------------+-------+-------+-------+-------++-------
Melee: Flail             |   117 |   257 |   390 |   257 ||  1021
       Unarmed           |       |     4 |       |       ||     4
Evoke: Wand              |       |       |       |     8 ||     8
  Use: Scroll            |     2 |     1 |     5 |     4 ||    12
       Potion            |       |     2 |     5 |     2 ||     9
Armor: Scale mail        |    78 |     4 |       |       ||    82
       Chain mail        |       |   196 |   253 |   154 ||   603
       Skin              |       |   141 |    26 |       ||   167
Dodge: Dodged            |    72 |   120 |   150 |    90 ||   432
Block: Buckler           |    25 |    80 |    84 |    70 ||   259
       Kite shield       |       |       |       |     3 ||     3
